 Dungeon Crawl Stone Soup version 0.27.1-3-gb3d3a73c9e (webtiles) character file.

Game seed: 18144661018906454301

4957 Urokeeper the Covert (level 10, -5/88 HPs)
             Began as a Deep Dwarf Hunter on Oct 14, 2021.
             Was an Elder of Elyvilon.
             Slain by a yak (8 damage)
             ... on level 10 of the Dungeon.
             The game lasted 00:36:54 (8382 turns).

Urokeeper the Covert (Deep Dwarf Hunter)            Turns: 8382, Time: 00:36:55

Health: -5/88      AC: 10    Str: 16    XL:     10   Next: 28%
Magic:  0/0        EV: 14    Int: 13    God:    Elyvilon [****..]
Gold:   534        SH:  0    Dex: 15    Spells: 9/9 levels left

rFire    . . .     SeeInvis +   K - +4 executioner's axe (freeze)
rCold    . . .     Faith    .   (shield currently unavailable)
rNeg     . . .     Spirit   .   x - +3 leather armour {rPois}
rPois    +         Reflect  .   m - +0 helmet
rElec    .         Harm     .   r - +0 cloak
rCorr    .         Rampage  .   i - +0 pair of gloves
Will     +....                  n - +0 pair of boots
Stlth    +++++.....             (no amulet)
HPRegen  0.00/turn              H - ring of see invisible
MPRegen  0.07/turn              (no ring)

@: no status effects
A: damage resistance, heal wounds, sense surroundings 2, no regeneration
a: Heal Wounds, Renounce Religion, Lesser Healing, Heal Other, Purification,
Greater Healing, Divine Protection


You were on level 10 of the Dungeon.
You worshipped Elyvilon.
Elyvilon was greatly pleased with you.
You visited 2 branches of the dungeon, and saw 11 of its levels.

You collected 534 gold pieces.

Inventory:

Hand Weapons
 a - a +1 hand crossbow
 b - a +0 short sword
 q - a +2 dagger of draining
 D - a +2 dagger of speed
 F - a +3 war axe
 K - a +4 executioner's axe of freezing (weapon)
Missiles
 d - 19 bolts
 g - 65 poisoned darts (quivered)
 h - 20 boomerangs
Armour
 i - a +0 pair of gloves (worn)
 m - a +0 helmet (worn)
 n - a +0 pair of boots (worn)
 r - a +0 cloak (worn)
 x - a +3 leather armour of poison resistance (worn)
 C - a +2 leather armour of fire resistance
 E - the +0 buckler of Hide-and-Seek {Int+3}
   (You found it on level 5 of the Dungeon)

   Int:       It affects your intelligence (+3).
Jewellery
 H - a ring of see invisible (left hand)
Wands
 l - a wand of acid (2)
 t - a wand of polymorph (12)
 y - a wand of mindburst (8)
 z - a wand of flame (17)
Scrolls
 c - a scroll of silence
 k - 3 scrolls of holy word
 s - a scroll of noise
 w - 2 scrolls of teleportation
 J - a scroll of identify
Potions
 e - a potion of heal wounds
 f - 5 potions of curing
 j - a potion of mutation {unknown}
 o - a potion of haste {unknown}
 p - 2 potions of magic {unknown}
 u - a potion of cancellation
 v - 2 potions of lignification {unknown}
 A - 2 potions of degeneration {unknown}
 B - a potion of resistance {unknown}
 G - a potion of flight {unknown}
 I - a potion of brilliance {unknown}
 N - a potion of berserk rage {unknown}


   Skills:
 - Level 5.0 Fighting
 + Level 7.5 Axes
 - Level 9.1 Crossbows
 - Level 6.1 Dodging
 + Level 11.2 Stealth


You had 9 spell levels left.
You didn't know any spells.
Your spell library contained the following spells:

 Spells                   Type           Power      Damage    Failure   Level
 Beastly Appendage        Tmut           0%         N/A       36%         1
 Sandblast                Erth           0%         2d4       36%         1
 Passwall                 Tmut/Erth      0%         N/A       50%         2
 Wereblood                Tmut           0%         N/A       50%         2
 Ignite Poison            Fire/Tmut/Pois 0%         N/A       75%         3
 Mephitic Cloud           Conj/Pois/Air  0%         N/A       75%         3
 Spider Form              Tmut/Pois      0%         N/A       75%         3
 Airstrike                Air            0%         N/A       98%         4
 Summon Lightning Spire   Summ/Air       0%         N/A       98%         4
 Bolt of Magma            Conj/Fire/Erth 0%         4d4       100%        5
 Lee's Rapid Deconstruct  Erth           0%         3d5*      100%        5
 Lightning Bolt           Conj/Air       0%         1d11      100%        5


Dungeon Overview and Level Annotations

Branches:
Dungeon (10/15)            Temple (1/1) D:4            Lair (0/6) D:10
    Orc (0/2) D:10

Altars:
Ashenzari
Cheibriados
Dithmenos
Elyvilon
Fedhas
Gozag
Hepliaklqana
Kikubaaqudgha
Makhleb
Nemelex Xobeh
Okawaru
Qazlal
Ru
Sif Muna
Trog
Uskayaw
Vehumet
Wu Jian
Xom
Yredelemnul
Zin
The Shining One

Shops:
D:8 (

Annotations:
D:5 4 runed translucent doors


Innate Abilities, Weirdness & Mutations

You are resistant to damage.
You can heal yourself by infusing magical energy.
You passively map the area around you.
You do not regenerate.


Message History

It was a potion of heal wounds.
You feel much better. The yak gores you! The yak barely misses you.
The yak gores you. The yak gores you but does no damage.
The yak barely misses you. The yak misses you.
You see here 17 gold pieces.
Things that are here:
a +0 dagger of flaming; an orc corpse
Things that are here:
a +0 dagger; a +0 robe; an orc corpse You slice the yak!!
You freeze the yak.
The yak is almost dead.
The yak gores you!
You barely miss the yak.
The yak is almost dead.
The yak gores you!
You barely miss the yak.
The yak is lightly wounded.
You hit the yak but do no damage. You barely miss the yak.
The yak gores you but does no damage. The yak gores you!
* * * LOW HITPOINT WARNING * * *
The yak gores you but does no damage. The yak gores you!
* * * LOW HITPOINT WARNING * * *
The yak misses you.
You hit the yak. You freeze the yak.
The yak is moderately wounded.
You hit the yak. You freeze the yak. You slice the yak!! You freeze the yak.
The yak barely misses you. The yak gores you. The yak closely misses you.
You slice the yak!! You freeze the yak.
The yak is almost dead.
You slash the yak! You freeze the yak. You barely miss the yak.
The yak completely misses you. The yak gores you.
* * * LOW HITPOINT WARNING * * *
The yak gores you. x2; The yak gores you!
* * * LOW HITPOINT WARNING * * *
You slash the yak! You freeze the yak.
You kill the yak!
You slice the yak!! You freeze the yak.
You kill the yak!
You barely miss the yak. The yak gores you!
You die...

#### ### #..#
#.###### ##Y@#
#......# #Y..#
##.....#
##Y###
#......## #..#
##.......###
##.##
#..........###
#..#
###....##...##
##.##
########....
#..# ##..#
##.## #..#


You could see 3 yaks.

Vanquished Creatures
  A kobold demonologist (D:5)
  A komodo dragon (D:10)
  Prince Ribbit (D:7)
  A meliai zombie (D:10)
  2 yaks (D:10)
  A wyvern (D:9)
  3 water moccasins
  Duvessa (D:7)
  2 orc warriors
  4 black bears
  A sky beast (D:5)
  An ice beast (D:8)
  2 necrophages
  2 ogres (D:5)
  4 centaurs
  2 phantoms (D:5)
  3 kobold brigands
  Blork the orc (D:6)
  6 bullfrogs
  2 gnoll sergeants
  Dowan (D:7)
  A howler monkey (D:8)
  2 centaur zombies
  2 hounds
  3 jellies
  3 centaur skeletons
  8 orc priests
  8 orc wizards
  2 iguanas
  A killer bee zombie (D:4)
  4 hound skeletons
  A howler monkey zombie (D:9)
  6 adders
  5 gnolls (D:6)
  A howler monkey skeleton (D:5)
  A shadow imp (D:7)
  2 white imps
  3 ufetubi
  An adder skeleton (D:4)
  2 dart slugs
  20 orcs
  3 ball pythons
  6 endoplasms
  2 giant cockroaches
  4 goblins
  9 hobgoblins
  8 jackals
  A quokka (D:1)
  4 bats
  2 frilled lizards
  23 kobolds
  5 rats
185 creatures vanquished.

Notes
Turn   | Place    | Note
-------+----------+-------------------------------------------
     0 | D:1      | Urokeeper the Deep Dwarf Hunter began the quest for the
                  | Orb.
     0 | D:1      | Reached XP level 1. HP: 19/19 MP: 1/1
    56 | D:1      | Reached XP level 2. HP: 26/26 MP: 2/2
   100 | D:1      | Reached skill level 5 in Crossbows
   886 | D:2      | Reached XP level 3. HP: 28/32 MP: 3/3
  1350 | D:2      | Found a faded altar of an unknown god.
  1444 | D:3      | Reached skill level 2 in Stealth
  1444 | D:3      | Reached XP level 4. HP: 34/39 MP: 4/4
  1623 | D:3      | Found a glowing golden altar of the Shining One.
  1641 | D:3      | Found an ancient bone altar of Kikubaaqudgha.
  1978 | D:4      | Noticed a black bear
  1997 | D:4      | Killed a black bear
  1998 | D:4      | Reached skill level 3 in Stealth
  1998 | D:4      | Reached XP level 5. HP: 39/46 MP: 5/5
  2107 | D:4      | Found a radiant altar of Vehumet.
  2137 | D:4      | Found a staircase to the Ecumenical Temple.
  2186 | D:4      | Reached XP level 6. HP: 35/55 MP: 6/6
  3051 | D:5      | Entered Level 5 of the Dungeon
  3278 | D:5      | Reached skill level 4 in Stealth
  3278 | D:5      | Reached XP level 7. HP: 44/62 MP: 7/7
  3446 | D:5      | Found a glowing silver altar of Zin.
  3448 | D:5      | Noticed an angel
  3497 | D:5      | Found a white marble altar of Elyvilon.
  3562 | D:5      | Reached skill level 5 in Stealth
  3562 | D:5      | Reached XP level 8. HP: 64/72 MP: 8/8
  3597 | D:5      | Found a large runed translucent door.
  3597 | D:5      | Found a large runed translucent door.
  3599 | D:5      | Noticed a hornet
  3599 | D:5      | Noticed a two-headed ogre
  3650 | D:5      | Noticed a kobold demonologist
  3714 | D:5      | Noticed a rust devil
  3726 | D:5      | Killed a kobold demonologist
  3727 | D:5      | Reached skill level 5 in Dodging
  3796 | D:5      | Found a large runed translucent door.
  3796 | D:5      | Found a large runed translucent door.
  3933 | D:5      | Reached skill level 6 in Stealth
  3962 | D:5      | Identified the +0 buckler of Hide-and-Seek {Int+3}
  4192 | D:5      | Reached skill level 5 in Fighting
  4556 | Temple   | Entered the Ecumenical Temple
  4795 | D:5      | Became a worshipper of Elyvilon the Healer
  4996 | D:6      | Gained mutation: You passively map the area around you.
                  | [Deep Dwarf growth]
  4996 | D:6      | Reached XP level 9. HP: 76/81 MP: 5/5
  4998 | D:6      | Reached skill level 1 in Axes
  4998 | D:6      | Reached skill level 7 in Stealth
  5174 | D:6      | Reached * piety under Elyvilon
  5311 | D:6      | Found a hide-covered altar of Uskayaw.
  5339 | D:6      | Noticed Blork the orc
  5349 | D:6      | Killed Blork the orc
  5445 | D:7      | Reached skill level 8 in Stealth
  5468 | D:7      | Noticed Duvessa
  5468 | D:7      | Noticed Dowan
  5502 | D:7      | Killed Duvessa
  5512 | D:7      | Killed Dowan
  5535 | D:7      | Noticed Prince Ribbit
  5565 | D:7      | Killed Prince Ribbit
  5566 | D:7      | Reached skill level 9 in Stealth
  5784 | D:7      | Reached skill level 5 in Axes
  5791 | D:7      | Found a broken altar of Ashenzari.
  5827 | D:7      | Reached ** piety under Elyvilon
  6277 | D:8      | Found a stormy altar of Qazlal.
  6313 | D:8      | Reached skill level 10 in Stealth
  6341 | D:8      | Found Selacwy's Weapon Shoppe.
  6406 | D:8      | Found a sparkling altar of Nemelex Xobeh.
  6476 | D:8      | Reached *** piety under Elyvilon
  6859 | D:8      | Found a shimmering blue altar of Sif Muna.
  7048 | D:9      | Reached XP level 10. HP: 67/88 MP: 4/4
  7409 | D:9      | Found a shadowy altar of Dithmenos.
  7768 | D:9      | Reached **** piety under Elyvilon
  7834 | D:9      | Identified a scroll of acquirement
  7834 | D:9      | Acquired a +3 executioner's axe of freezing
  7867 | D:10     | Entered Level 10 of the Dungeon
  8018 | D:10     | Found a staircase to the Orcish Mines.
  8228 | D:10     | Reached skill level 11 in Stealth
  8381 | D:10     | HP: 3/88 [yak (6)]
  8382 | D:10     | Slain by a yak

Illustrated notes

Levels and vault maps discovered:
D:1:      dpeg_arrival_another_circle, layout_loops_ring, minmay_misc_feat_chi
D:2:      layout_rooms, dilly_ecumenical_altar_fadedgnrine
D:3:      layout_basic, mainiacjoe_overflow_large_starburst,
          grunt_decor_arrowhead, kennysheep_generic_room_9
D:4:      layout_cave_pools, vehumet_altar_wand_db, minmay_temple_entry_arrows
D:5:      layout_loops_cross, nicolae_overflow_crystal_walls, zin_angel,
          hangedman_decor_growths, minmay_hollow_rounded_squares
D:6:      layout_basic, eat_drink_and_be_merry_uskayaw, uniq_blork_the_orc
D:7:      layout_cave_pools, ashenzari_conservatory_becter, serial_glass,
          glass_columns_a, glass_columns_a, due_unseen_surprise,
          item_on_display_a, uniq_duvessa, uniq_prince_ribbit1
D:8:      layout_basic, mainiacjoe_overflow_24_doors,
          mainiacjoe_overflow_surrounded_room, nicolae_sif_muna_little_library,
          serial_shops, nicolae_lakefront_shop
D:9:      layout_loops_corners, nicolae_dithmenos_through_a_glass_darkly
D:10:     layout_cave_pods, lair_entry_dummy, orc_0_dummy, kennysheep_nub
Temple:   grunt_temple_mini_profane

Skill      XL: |  1  2  3  4  5  6  7  8  9 10 |
---------------+-------------------------------+-----
Crossbows      | 5 6 7 8 9 |  9.1
Fighting       | 2 3 4 5 |  5.0
Stealth        | 2 3 4 5 6 10 11 | 11.2
Dodging        | 3 4 6 |  6.1
Axes           | 6 7 |  7.5

Action                   |  1- 3 |  4- 6 |  7- 9 | 10-12 || total
-------------------------+-------+-------+-------+-------++-------
Melee: Dagger            |       |   134 |   444 |       ||   578
       War axe           |       |       |   241 |    31 ||   272
       Executioner's axe |       |       |       |    44 ||    44
 Fire: Hand crossbow     |    88 |    51 |       |       ||   139
Throw: Boomerang         |       |     2 |       |       ||     2
       Dart              |       |       |    11 |       ||    11
Invok: Lesser Healing    |       |       |     2 |       ||     2
 Abil: Heal Wounds       |       |     2 |    28 |    10 ||    40
  Use: Scroll            |       |     6 |     6 |     4 ||    16
       Potion            |       |       |       |     2 ||     2
 Stab: Sleeping          |       |       |     9 |     7 ||    16
Armor: Leather armour    |    11 |    59 |   343 |    47 ||   460
Dodge: Dodged            |    32 |    84 |   508 |   104 ||   728
Block: Buckler           |       |       |    65 |     5 ||    70
